 Dungeon Crawl Stone Soup version 0.27-a0-13-g87abb2d9eb (webtiles) character file.

Game seed: 17321028131851953146

4476 tilp the Cleaver (level 10, -11/89 HPs)
             Began as a Palentonga Abyssal Knight on Jan 2, 2021.
             Was a High Priest of Lugonu.
             Mangled by an orc warrior
             ... wielding a +0 long sword
              (12 damage)
             ... on level 8 of the Dungeon.
             The game lasted 00:15:52 (9903 turns).

tilp the Cleaver (Palentonga Abyssal Knight)        Turns: 9903, Time: 00:15:54

Health: -11/89     AC: 18    Str: 18    XL:     10   Next: 15%
Magic:  14/14      EV:  4    Int: 14    God:    Lugonu [*****.]
Gold:   193        SH: 15    Dex:  9    Spells: 9/9 levels left

rFire    + . .     SeeInvis +   a - +0 war axe
rCold    . . .     Faith    .   v - +1 kite shield {rF+}
rNeg     + . .     Spirit   .   F - +1 chain mail {rPois}
rPois    +         Reflect  +   (no helmet)
rElec    .         Harm     .   (no cloak)
rCorr    .         Rampage  .   A - +2 pair of gloves
Will     +....                  (no barding)
Stlth    ..........             l - amulet of reflection
HPRegen  0.24/turn              f - ring of positive energy
MPRegen  0.14/turn              y - ring of willpower

@: curled up
A: large, rugged brown scales 3, see invisible, deformed body, roll 1, armoured
tail, reflexive curl
a: Rolling Charge, Renounce Religion, Depart the Abyss, Bend Space, Banish,
Corrupt, Enter the Abyss


You were on level 8 of the Dungeon.
You worshipped Lugonu.
Lugonu was extremely pleased with you.
You visited 1 branch of the dungeon, and saw 8 of its levels.
You visited the Abyss 1 time.

You collected 617 gold pieces.
You spent 424 gold pieces at shops.

Inventory:

Hand Weapons
 a - a +0 war axe (weapon)
 b - the +8 falchion of Jyckuxtu {flame, *Drain rElec rN+ Int+9}
   (You found it on level 6 of the Dungeon)

   It has been specially enchanted to burn those struck by it, causing extra
   injury to most foes and up to half again as much damage against particularly
   susceptible opponents.
   Big, fiery blades are also staple armaments of hydra-hunters.
   It affects your intelligence (+9).
   It insulates you from electricity.
   It protects you from negative energy.
   It causes draining when unequipped.
 c - a +1 hand axe
Missiles
 j - 13 boomerangs
 k - 23 poisoned darts (quivered)
 E - a throwing net {!f}
Armour
 v - a +1 kite shield of fire resistance (worn)
 A - a +2 pair of gloves (worn)
 C - a +0 plate armour
 F - a +1 chain mail of poison resistance (worn)
Jewellery
 f - a ring of positive energy (left hand)
 l - an amulet of reflection (around neck)
 y - a ring of willpower (right hand)
Wands
 r - a wand of random effects (14)
 u - a wand of flame (22)
 x - a wand of disintegration (9)
 D - a wand of digging (6)
Scrolls
 d - 2 scrolls of immolation
 h - a scroll of blinking
 o - 2 scrolls of amnesia
 p - 6 scrolls of teleportation
 s - 2 scrolls of identify
 t - 3 scrolls of magic mapping
 w - 3 scrolls of remove curse
Potions
 e - a potion of attraction
 g - 5 potions of heal wounds
 i - 5 potions of mutation
 m - 2 potions of haste
 n - a potion of brilliance
 q - a potion of berserk rage
 z - 2 potions of might
 B - 4 potions of curing


   Skills:
 + Level 6.4 Fighting
 + Level 10.2 Axes
 - Level 2.0 Armour
 + Level 2.7 Dodging
 - Level 4.0 Shields
 - Level 6.0 Invocations
 - Level 4.0 Evocations


You had 9 spell levels left.
You didn't know any spells.
Your spell library contained the following spells:

 Spells                   Type           Power        Failure   Level
 Animate Skeleton         Necr           0%           100%        1
 Apportation              Tloc           0%           100%        1
 Corona                   Hex            0%           100%        1
 Summon Small Mammal      Summ           0%           100%        1


Dungeon Overview and Level Annotations

Branches:
Dungeon (8/15)             Temple (0/1) D:7
   Lair: D:8-11

Altars:
Ashenzari
Fedhas
Qazlal
Uskayaw
The Shining One

Shops:
D:5 !   D:6 *


Innate Abilities, Weirdness & Mutations

You are completely covered in rugged brown scales. (AC +3, +7% HP)
You have supernaturally acute eyesight. (SInv)
Armour fits poorly on your strangely shaped body.
You can roll at nearby foes to attack.
You have a long armoured tail.
You curl defensively after being hit.


Message History

The orc priest mumbles some strange prayers to Beogh against you.
Beogh smites you!
* * * LOW HITPOINT WARNING * * *
You completely miss the orc priest.
The orc priest is almost dead.
Your chain mail prevents you from hitting the orc warrior.
You block the orc warrior's attack.
A worker ant comes into view.
The orc hits you from afar with a +0 trident.
* * * LOW HITPOINT WARNING * * *
The orc priest invokes the aid of Beogh against you.
Beogh smites you!
* * * LOW HITPOINT WARNING * * *
You closely miss the orc warrior. You tail-slap the orc warrior.
The orc warrior is almost dead.
You hit the orc priest.
You kill the orc priest!
Lugonu accepts your kill.
The orc warrior hits you with a +0 long sword!
You die...

.......#.........#
.................#
...####..........#
...# #..........#
...# #..........#
...# #..........#
...# #..........#
...# #..........#
(..# #........†@#
...#
≈........>o)o.....
####
.........B.....
...............
♣..............
♣..............
♣#.............
..............


You could see an orc warrior, a worker ant and an orc.

Vanquished Creatures
  Pikel (D:7)
  Sigmund (D:3)
  Grum (D:8)
  Menkaure (D:5)
  Edmund (D:6)
  Duvessa (D:7)
  2 orc warriors
  A sky beast (D:7)
  2 necrophages (D:8)
  6 ogres
  A centaur (D:8)
  3 wolves (D:8)
  3 lemures (D:7)
  4 big kobolds (D:6)
  2 bullfrogs
  Dowan (D:7)
  4 scorpions
  3 howler monkeys (D:8)
  5 electric eels
  2 jellies
  A bullfrog zombie (D:5)
  A gnoll shaman (D:5)
  4 hounds
  An orc wizard (D:8)
  3 orc priests
  7 worker ants
  3 iguanas
  2 hell rats (D:7)
  A hound skeleton (D:6)
  14 adders
  8 gnolls
  6 river rats (D:7)
  4 shadow imps
  4 ufetubi
  An ooze (D:2)
  3 worms
  A dart slug (D:1)
  4 leopard geckos
  21 orcs
  5 bats
  7 giant cockroaches
  7 goblins
  14 hobgoblins
  11 jackals
  8 quokkas
  A ball python (D:1)
  9 frilled lizards
  45 kobolds
  A quokka skeleton (D:4)
  19 rats
261 creatures vanquished.

Vanquished Creatures (others)
  A plant (D:8)
1 creature vanquished.

Grand Total: 262 creatures vanquished

Notes
Turn   | Place    | Note
-------+----------+-------------------------------------------
     0 | Abyss:1  | tilp the Palentonga Abyssal Knight began the quest for the
                  | Orb.
     0 | Abyss:1  | Reached XP level 1. HP: 20/20 MP: 2/2
    58 | Abyss:1  | Noticed a wretched star
    62 | D:1      | Escaped the Abyss
   110 | D:1      | Reached * piety under Lugonu
   175 | D:1      | Reached XP level 2. HP: 22/27 MP: 3/3
   364 | D:1      | Reached skill level 3 in Axes
   473 | D:1      | Reached XP level 3. HP: 33/33 MP: 4/4
   924 | D:1      | Reached ** piety under Lugonu
  1383 | D:2      | Reached XP level 4. HP: 31/40 MP: 6/6
  1581 | D:2      | Reached skill level 4 in Axes
  2066 | D:3      | Found a hide-covered altar of Uskayaw.
  2092 | D:3      | Found a glowing golden altar of the Shining One.
  2440 | D:3      | Found a broken altar of Ashenzari.
  2528 | D:3      | Reached XP level 5. HP: 37/48 MP: 7/7
  2755 | D:3      | Noticed Sigmund
  2765 | D:3      | Killed Sigmund
  2766 | D:3      | Reached skill level 5 in Axes
  2766 | D:3      | Reached XP level 6. HP: 47/54 MP: 7/9
  2766 | D:3      | Reached *** piety under Lugonu
  3093 | D:4      | Reached skill level 6 in Axes
  3383 | D:4      | Reached skill level 1 in Dodging
  3544 | D:4      | Found a stormy altar of Qazlal.
  3544 | D:4      | Found a blossoming altar of Fedhas.
  4080 | D:5      | Entered Level 5 of the Dungeon
  4092 | D:5      | Gained mutation: You curl defensively after being hit.
                  | [Palentonga growth]
  4092 | D:5      | Reached XP level 7. HP: 57/60 MP: 10/10
  4388 | D:5      | Reached skill level 1 in Shields
  4388 | D:5      | Reached skill level 1 in Evocations
  4390 | D:5      | Found Heanten's Distillery.
  4401 | D:5      | Bought a potion of heal wounds for 60 gold pieces
  4401 | D:5      | Bought a potion of might for 48 gold pieces
  4401 | D:5      | Bought a potion of curing for 36 gold pieces
  5094 | D:5      | Noticed Menkaure
  5100 | D:5      | Killed Menkaure
  5101 | D:5      | Reached skill level 7 in Axes
  5101 | D:5      | Reached XP level 8. HP: 70/70 MP: 11/11
  5470 | D:6      | Noticed Edmund
  5532 | D:6      | Found Meopsou's General Store.
  5537 | D:6      | Got a sapphire falchion
  5590 | D:6      | Bought a scroll of identify for 28 gold pieces
  5590 | D:6      | Bought a scroll of magic mapping for 49 gold pieces
  5590 | D:6      | Bought a scroll of noise for 14 gold pieces
  5706 | D:6      | Reached skill level 5 in Invocations
  5721 | D:6      | Killed Edmund
  5783 | D:6      | Reached **** piety under Lugonu
  6836 | D:6      | Reached skill level 8 in Axes
  7215 | D:6      | Reached XP level 9. HP: 62/78 MP: 13/13
  7221 | D:6      | Reached ***** piety under Lugonu
  7428 | D:6      | Bought a +1 chain mail of poison resistance for 189 gold
                  | pieces
  7440 | D:6      | Identified the +8 falchion of Jyckuxtu {flame, *Drain rElec
                  | rN+ Int+9} (You found it on level 6 of the Dungeon)
  7485 | D:7      | Reached skill level 5 in Fighting
  7847 | D:7      | Found a stormy altar of Qazlal.
  7855 | D:7      | Found a staircase to the Ecumenical Temple.
  8234 | D:7      | Noticed Pikel
  8246 | D:7      | Killed Pikel
  8247 | D:7      | Reached skill level 9 in Axes
  8409 | D:7      | Noticed Duvessa
  8409 | D:7      | Noticed Dowan
  8414 | D:7      | Killed Duvessa
  8416 | D:7      | Killed Dowan
  9185 | D:8      | Noticed Grum
  9437 | D:8      | Killed Grum
  9438 | D:8      | Reached skill level 10 in Axes
  9615 | D:8      | Reached XP level 10. HP: 79/88 MP: 14/14
  9902 | D:8      | HP: 1/89 [orc priest/divine providence (12)]
  9903 | D:8      | Mangled by an orc warrior

Illustrated notes

Levels and vault maps discovered:
D:1:      dpeg_arrival_simpleton_c, layout_loops_ring,
          chequers_serial_rivers_room_b, minmay_tetromino_i4
D:2:      layout_basic, grunt_ministairs_7
D:3:      layout_loops_cross, old_standard_altar, marbit_many_paths,
          lemuel_crystal_altar, uniq_sigmund
D:4:      layout_gridville, grunt_temple_overflow_forces_of_nature
D:5:      layout_cave_pools, serial_shops, shop, water_maze_lemuel,
          uniq_menkaure
D:6:      minmay_goblin_kobold_castle, layout_rooms, serial_shops, shop_coins,
          uniq_edmund
D:7:      lemuel_ratsnest, layout_basic, minmay_temple_entry_arrows,
          basic_altar, uniq_duvessa, uniq_pikel
D:8:      layout_basic, tgw_xom, minitemple, serial_bayou_lagoon_b, uniq_grum

Skill      XL: |  1  2  3  4  5  6  7  8  9 |
---------------+----------------------------+-----
Axes           | 3 4 5 6 7 8 10 | 10.2
Invocations    | 3 4 5 6 |  6.0
Dodging        | 1 2 |  2.7
Armour         | 2 |  2.0
Shields        | 1 2 4 |  4.0
Evocations     | 1 3 4 |  4.0
Fighting       | 4 6 |  6.4

Action                   |  1- 3 |  4- 6 |  7- 9 | 10-12 || total
-------------------------+-------+-------+-------+-------++-------
Melee: Hand axe          |   110 |   196 |   127 |       ||   433
       Tailslap          |    13 |    19 |    62 |     8 ||   102
       War axe           |       |       |   416 |    45 ||   461
Throw: Dart              |    10 |    20 |    22 |       ||    52
       Boomerang         |       |       |       |     5 ||     5
Invok: Depart the Abyss  |     1 |       |       |       ||     1
 Abil: Rolling Charge    |       |     1 |     7 |       ||     8
Evoke: Wand              |       |       |    19 |     1 ||    20
  Use: Scroll            |     3 |     7 |     5 |     1 ||    16
       Potion            |       |       |     1 |       ||     1
 Stab: Paralysed         |       |       |     7 |       ||     7
Armor: Leather armour    |    39 |    27 |       |       ||    66
       Chain mail        |       |    59 |   214 |    27 ||   300
Dodge: Dodged            |    50 |    40 |    48 |     8 ||   146
Block: Other             |     4 |    22 |       |       ||    26
       Reflection        |       |     3 |    19 |     5 ||    27
       Kite shield       |       |    60 |   395 |    47 ||   502

Table legend: (Time is in decaauts)
 A = Elapsed time spent in this place.
 B = Non-inter-level travel time spent in this place.
 C = Inter-level travel time spent in this place.
 D = Time resting spent in this place.
 E = Time spent auto-exploring this place.
 F = Levels seen in this place.
 G = Mean time per level.
                   A        B        C        D        E       F      G
               +--------+--------+--------+--------+--------+-----+--------+
         Total |  10029 |   9655 |    374 |   2586 |   5153 |   9 | 1114.3 |
       Dungeon |   9967 |   9593 |    374 |   2586 |   5095 |   8 | 1245.9 |
         Abyss |     62 |     62 |      0 |      0 |     58 |   1 |   62.0 |
               +--------+--------+--------+--------+--------+-----+--------+

Top non-repeatable levels by time:
     D:7: 1915 daAuts
     D:6: 1875 daAuts
     D:5: 1340 daAuts
     D:1: 1199 daAuts
     D:3: 1157 daAuts
     D:4: 1089 daAuts
     D:2: 822 daAuts
     D:8: 567 daAuts
 Abyss:1: 62 daAuts
